Map: Shuttle zu Schutt

Players

SCIInewby

  • Race: Protoss Protoss
  • League: Master
  • Spawn Location: 6:00

ЪыЪ

  • Race: Terran Terran
  • Spawn Location: 6:00

VOD

Have the link to the VOD?

Description

Time

  • Played on: Feb. 6, 2026, 10:15 p.m.
  • Length: 25:55
Show
View Real Time Build Order
Export as new Build Order

SCIInewby Protoss 

Build Orders:  

Get SALT Encoding   

  12  0:04  Probe (Chrono Boost)  
  13  0:21  Pylon  
  13  0:24  Probe (Chrono Boost)  
  14  0:38  Probe (Chrono Boost)  
  15  0:42  Assimilator  
  15  0:54  Probe (Chrono Boost)  
  16  1:07  Gateway  
  16  1:09  Probe (Chrono Boost)  
  16  1:19  Assimilator  
  17  1:23  Probe (Chrono Boost)  
  18  1:41  Probe (Chrono Boost)  
  18  1:44  Forge  
  19  1:55  Probe (Chrono Boost)  
  20  2:09  Probe (Chrono Boost)  
  21  2:23  Probe (Chrono Boost)  
  21  2:25  Pylon  
  22  2:30  Pylon  
  22  2:36  Protoss Ground Weapons Level 1, Protoss Air Weapons Level 1  
  22  2:42  Probe (Chrono Boost)  
  23  2:58  Supplicant x2  
  27  3:17  Probe (Chrono Boost)  
  28  3:22  Cybernetics Core  
  28  3:33  Supplicant x2  
  32  3:52  Photon Cannon  
  32  4:03  Probe (Chrono Boost)  
  32  4:08  Warp Gate  
  33  4:17  Probe (Chrono Boost)  
  34  4:28  Gateway  
  34  4:31  Probe (Chrono Boost)  
  35  4:47  Probe (Chrono Boost)  
  36  4:52  Protoss Ground Armor Level 1, Protoss Air Armor Level 1  
  38  5:03  Slayer  
  38  5:04  Probe (Chrono Boost)  
  39  5:55  Probe (Chrono Boost)  
  38  6:04  Pylon  
  38  6:08  Pylon  
  39  6:12  Probe (Chrono Boost)  
  40  6:31  Probe (Chrono Boost)  
  40  6:39  Cloaking Module  
  40  6:48  Probe (Chrono Boost)  
  40  6:49  Death Council  
  41  6:53  Robotics Facility  
  41  6:57  Robotics Facility  
  41  7:05  Probe (Chrono Boost)  
  41  7:06  Pylon  
  41  7:09  Pylon  
  42  7:14  Pylon  
  42  7:24  Slayer  
  42  7:25  Slayer  
  46  7:30  Protoss Shields Level 1  
  46  7:31  Blood Shields  
  46  8:00  Nexus  
  46  8:14  Slayer  
  44  8:38  Probe (Chrono Boost)  
  45  8:53  Probe (Chrono Boost)  
  46  9:03  Pylon  
  46  9:06  Pylon  
  46  9:11  Pylon, Supplicant x2  
  46  9:18  Vanguard  
  54  9:39  Photon Cannon  
  54  9:42  Photon Cannon  
  54  9:59  Gateway  
  39  10:31  Slayer x2  
  35  11:05  Gateway  
  35  11:09  Gateway  
  35  11:12  Slayer  
  35  11:13  Gateway  
  35  11:16  Gateway  
  35  11:19  Gateway  
  35  11:21  Gateway  
  35  11:24  Supplicant x2  
  35  11:31  Supplicant x2  
  35  11:39  Warp Prism  
  40  11:43  Protoss Ground Weapons Level 2, Protoss Air Weapons Level 2  
  40  11:48  Probe (Chrono Boost)  
  40  11:49  Probe (Chrono Boost)  
  38  11:56  Slayer  
  38  12:02  Probe (Chrono Boost)  
  39  12:13  Slayer  
  38  12:23  Slayer  
  38  12:30  Slayer  
  38  12:35  Slayer  
  38  12:36  Slayer  
  38  12:39  Slayer  
  46  13:03  Slayer  
  48  13:13  Probe (Chrono Boost)  
  48  13:14  Probe (Chrono Boost)  
  52  13:30  Probe (Chrono Boost), Slayer x2  
  52  13:31  Probe (Chrono Boost)  
  56  13:42  Slayer  
  56  13:43  Slayer  
  56  13:45  Slayer  
  56  13:47  Probe (Chrono Boost)  
  56  13:48  Probe (Chrono Boost)  
  64  13:50  Vanguard  
  64  14:04  Probe (Chrono Boost)  
  64  14:05  Probe (Chrono Boost)  
  72  14:20  Probe (Chrono Boost)  
  72  14:22  Probe (Chrono Boost)  
  91  15:00  Vanguard x2  
  72  15:05  Phase Blink  
  72  15:06  Protoss Shields Level 2  
  80  15:28  Assimilator  
  80  15:32  Slayer  
  80  15:34  Supplicant x6  
  94  16:12  Vanguard  
  94  16:15  Assimilator  
  76  17:08  Slayer  
  64  17:10  Slayer x2  
  64  17:11  Slayer x3  
  64  17:13  Slayer  
  74  17:41  Pylon  
  72  18:06  Vanguard  
  72  18:07  Vanguard  
  72  18:16  Protoss Ground Weapons Level 3, Protoss Air Weapons Level 3  
  80  18:38  Probe (Chrono Boost)  
  80  18:39  Probe (Chrono Boost)  
  82  18:40  Robotics Bay  
  82  18:46  Supplicant x6  
  82  18:47  Supplicant x2  
  98  18:55  Probe (Chrono Boost)  
  99  19:01  Pylon  
  99  19:03  Pylon  
  99  19:16  Vanguard x2  
  99  19:27  Pylon  
  107  20:01  Vanguard x2  
  107  20:37  Supplicant x6  
  107  20:38  Supplicant x2  
  123  20:40  Havoc  
  123  20:49  Vanguard  
  124  20:56  Pylon  
  124  20:58  Pylon  
  126  21:00  Pylon  
  126  21:02  Pylon  
  78  22:04  Slayer  
  78  22:05  Slayer x3  
  78  22:06  Slayer  
  78  22:07  Slayer  
  78  22:08  Slayer x2  
  68  22:39  Slayer x2  
  72  22:40  Slayer x2  
  72  22:41  Slayer x4  
  82  23:17  Supplicant x4  
  82  23:18  Supplicant x6  
  82  23:19  Supplicant x4  
  110  23:20  Supplicant x2  
  82  24:28  Slayer  
  82  24:29  Slayer x2  
  54  24:30  Slayer x2  
  54  24:38  Slayer  
  60  24:40  Slayer  
  62  24:51  Slayer  
  64  25:02  Slayer x2  
  64  25:06  Slayer  
  64  25:08  Slayer x2  
  74  25:17  Slayer  
  74  25:18  Slayer  
Show
View Real Time Build Order
Export as new Build Order

ЪыЪ Terran 

Build Orders:  

Get SALT Encoding   

  12  0:29  Refinery  
  12  0:36  SCV  
  13  0:42  Supply Depot  
  13  0:53  SCV  
  14  1:05  Barracks  
  14  1:27  SCV  
  15  1:40  Barracks  
  15  1:47  SCV  
  16  2:04  SCV  
  17  2:22  Refinery  
  17  2:26  Barracks Tech Lab  
  17  2:27  Barracks Tech Lab  
  17  2:39  Factory  
  17  2:41  SCV  
  18  2:54  Stabilizer Medpacks  
  18  2:59  SCV  
  19  3:16  SCV  
  20  3:46  Engineering Bay  
  20  3:55  Juggernaut Plating, Incinerator Gauntlets  
  20  4:00  Medic  
  22  4:13  Supply Depot, Medic  
  22  4:17  Supply Depot  
  24  4:20  SCV  
  24  4:25  Terran Infantry Armor Level 1  
  25  4:41  Marine x2  
  27  4:51  Marine x2  
  27  4:55  Unknown  
  27  4:59  Unknown  
  29  5:10  Firebat x2  
  29  5:15  SCV  
  34  5:32  SCV  
  35  5:48  Armory  
  35  6:18  Orbital Command  
  35  6:20  Medic x2  
  39  6:49  Unknown  
  39  7:03  Supply Depot  
  39  7:05  Terran Infantry Weapons Level 1, Unknown, Supply Depot  
  39  7:07  SCV  
  40  7:10  Supply Depot  
  40  7:24  SCV  
  41  7:41  SCV  
  42  7:53  Firebat x2  
  42  7:58  SCV  
  47  8:06  Firebat x2  
  51  8:15  SCV  
  52  9:45  Terran Infantry Armor Level 2  
  52  9:48  Marine x2  
  52  9:58  Marine x2  
  54  10:08  Medic  
  54  10:09  Medic  
  56  10:19  Medic  
  62  10:30  Supply Depot, Medic x2  
  62  10:31  Supply Depot x2  
  62  10:36  Supply Depot  
  62  10:39  Supply Depot x2  
  66  10:41  Medic  
  65  11:52  Medic  
  65  11:53  Marine  
  68  12:03  Firebat  
  68  12:04  Firebat  
  72  12:15  Marine  
  72  12:16  Marine  
  74  12:26  Marine  
  74  12:27  Marine  
  76  12:36  Marine  
  76  12:37  Marine  
  74  12:55  Unknown  
  74  13:03  Terran Infantry Armor Level 3  
  74  13:49  Medic  
  84  13:50  Medic  
  78  14:00  Medic x2  
  82  14:10  Marine x2  
  84  14:20  Marine x2  
  86  14:30  Marine x2  
  88  15:03  Firebat x2  
  92  15:15  Supply Depot  
  92  15:16  Firebat x2  
  92  15:17  Supply Depot  
  96  15:20  Supply Depot  
  96  15:23  Supply Depot  
  96  15:25  Supply Depot  
  96  15:26  Supply Depot  
  96  15:27  Supply Depot  
  96  15:28  Supply Depot  
  96  15:29  Firebat x2  
  96  15:31  Supply Depot  
  96  15:33  Supply Depot  
  96  15:35  Supply Depot  
  100  15:40  Supply Depot  
  100  15:41  Firebat x2  
  100  15:42  Supply Depot  
  100  15:47  Supply Depot  
  104  15:54  Firebat x2  
  108  16:15  Marine x2  
  110  16:25  Marine x2  
  112  16:35  Medic x2  
  116  16:43  Terran Infantry Weapons Level 2, Unknown  
  116  16:45  Medic  
  116  16:46  Medic  
  120  16:56  Medic x2  
  124  18:27  Medic x2  
  124  18:37  Medic x2  
  128  18:47  Medic x2  
  132  18:58  Marine x2  
  136  19:08  Marine x2  
  139  23:05  Marine x2  
  141  23:15  Marine x2  
  143  23:25  Marine x2  
  145  23:35  Marine x2  
  147  23:46  Marine x2  
Tags
 
Commander
AlarakRaynor
League
Master
Matchup
Co-op
Replay Pack
Multiplayer
Add a new tag
Caveats
  • Supply blocks, unpowered buildings, or Contaminate may cause inaccurate times.
  • Supply counts are checked every 10 seconds.